 Dungeon Crawl Stone Soup version 0.27-a0-732-ga892ba84f6 (webtiles) character file.

Game seed: 3601533608789299678

3 CurlyBrace the Charlatan (level 1, 0/9 HPs)
             Began as a Felid Artificer on Mar 24, 2021.
             Slain by a kobold
             ... wielding a +0 club
              (1 damage)
             ... on level 1 of the Dungeon.
             The game lasted 00:01:35 (202 turns).

CurlyBrace the Charlatan (Felid Artificer)           Turns: 202, Time: 00:01:36

Health: 0/9        AC:  1    Str:  8    XL:     1   Next: 41%
Magic:  2/2        EV: 18    Int: 12    God:
Gold:   0          SH:  0    Dex: 16    Spells: 0/0 levels left
                                        Lives:  0   Deaths: 0

rFire    . . .     SeeInvis +   (weapon unavailable)
rCold    . . .     Faith    .   (shield unavailable)
rNeg     . . .     Spirit   .   (armour unavailable)
rPois    .         Reflect  .   (helmet unavailable)
rElec    .         Harm     .   (cloak unavailable)
rCorr    .         Rampage  .   (gloves unavailable)
Will     .....                  (boots unavailable)
Stlth    ++........             (no amulet)
HPRegen  0.03/turn              (no ring)
MPRegen  0.08/turn              (no ring)

@: quick
A: very small, claws 1, fangs 3, see invisible, speed 1, shaggy fur 1, stealthy
paws, no weapons or thrown items, no armour, multi-lived
a: no special abilities


You were on level 1 of the Dungeon.
You visited 1 branch of the dungeon, and saw 1 of its levels.

Inventory:

Wands
 a - a wand of flame (14) (quivered)
 b - a wand of charming (15)
 c - a wand of random effects (15)
Scrolls
 d - a scroll of teleportation


   Skills:
 * Level 1.2 Fighting
 - Level 3.2 Dodging
 + Level 1.5 Stealth
 * Level 0.4 Unarmed Combat
 - Level 3.2 Evocations


You couldn't memorise any spells.
You didn't know any spells.
Your spell library was empty.

Dungeon Overview and Level Annotations

Branches:
Dungeon (1/15)

Altars:


Innate Abilities, Weirdness & Mutations

You have sharp claws.
You have razor-sharp teeth.
You have supernaturally acute eyesight. (SInv)
You cover ground quickly. (Speed+)
You are covered in fur. (AC +1)
Your stealthy paws help you sneak and pounce on unaware monsters.
You are incapable of wielding weapons or throwing items.
You cannot wear armour.
You gain extra lives every three experience levels.


Message History

A goblin comes into view. It is wielding a +0 dagger.
The bat completely misses you. The jackal closely misses you.
The goblin moves out of view.
Found a scroll labelled YSUDEF KIECVUAL.
The bat completely misses you. The bat misses you.
You see here a scroll labelled GEIMAB BUNWOG.
As you read the scroll labelled GEIMAB BUNWOG, it crumbles to dust.
The scroll dissolves into smoke.
It was a scroll of fog.
The bat closely misses you. The bat hits you but does no damage.
The bat closely misses you.
You see here a scroll labelled YSUDEF KIECVUAL.
As you read the scroll labelled YSUDEF KIECVUAL, it crumbles to dust.
You feel strangely unstable.
It was a scroll of teleportation.
You scratch the bat.
You kill the bat!
Unknown command.
The jackal bites you. The jackal closely misses you.
Unknown command.
You scratch the jackal. You bite the jackal.
The jackal is almost dead.
The jackal bites you.
* * * LOW HITPOINT WARNING * * *
Unknown command.
Your surroundings suddenly seem different.
Aiming: Throw Flame
Press: ? - help, Shift-Dir - straight line, f - ooze
Aim: an ooze (wandering, hasn't noticed you, 2% to evade)
The puff of flame hits the ooze!
You kill the ooze!
Found 22 sling bullets.
A kobold comes into view. It is wielding a +0 dagger.
You see here 22 sling bullets.
The kobold shouts!
A kobold comes into view. It is wielding a +0 club.
Found a pair of gloves.
You closely miss the kobold. The kobold barely misses you.
The kobold hits you with a +0 club.
You die...

.# #.######.#....##
.# ## #.
#.......#.# .# ..#
.....#..#.#### .#
...####.#......(#
.# #.##.g....####.#
.# #....##...# #.#
#
#.?=##...####.###.#
#.[K.#............#
#@#.######..#####
##.####.K.#
#......#
.......(#####
##.###.#
###..##.....# #.#
#.# #. #####.# #.#
#.# # #.# #.# #.# #
#.# #.# #.## .##.
#.# #.# #..# ....
#.# #. ##.#


You could see 2 kobolds.

Vanquished Creatures
  An ooze (D:1)
  2 bats (D:1)
  A rat (D:1)
4 creatures vanquished.

Notes
Turn   | Place    | Note
-------+----------+-------------------------------------------
     0 | D:1      | CurlyBrace the Felid Artificer began the quest for the Orb.
     0 | D:1      | Reached XP level 1. HP: 9/9 MP: 2/2
   202 | D:1      | Slain by a kobold

Illustrated notes

Levels and vault maps discovered:
D:1:      dpeg_arrival_lava_altar, layout_loops_ring, minmay_hexomino_p4

Action                   || total
-------------------------++-------
Melee: Unarmed           ||     5
       Bite              ||     1
Evoke: Wand              ||     1
  Use: Scroll            ||     3
 Stab: Sleeping          ||     1
Armor: Skin              ||     1
Dodge: Dodged            ||    20

Table legend: (Time is in decaauts)
 A = Elapsed time spent in this place.
 B = Non-inter-level travel time spent in this place.
 C = Inter-level travel time spent in this place.
 D = Time resting spent in this place.
 E = Time spent auto-exploring this place.
 F = Levels seen in this place.
 G = Mean time per level.
                   A        B        C        D        E       F      G
               +--------+--------+--------+--------+--------+-----+--------+
         Total |    163 |    163 |      0 |      0 |      0 |   1 |  163.0 |
       Dungeon |    163 |    163 |      0 |      0 |      0 |   1 |  163.0 |
               +--------+--------+--------+--------+--------+-----+--------+

Top non-repeatable levels by time:
     D:1: 163 daAuts
